 Dungeon Crawl Stone Soup version 0.29.1-15-g9cfb28693d (webtiles) character file.

Game seed: 5027954630951892378

4837 H0rd4k the Slicer (level 10, -7/77 HPs)
             Began as a Human Artificer on Apr 25, 2023.
             Was an Initiate of Gozag.
             Mangled by a seven-headed hydra (12 damage)
             ... on level 11 of the Dungeon.
             The game lasted 00:15:15 (14653 turns).

H0rd4k the Slicer (Human Artificer)                Turns: 14653, Time: 00:15:15

Health: -7/77      AC:  8    Str: 13    XL:     10   Next: 77%
Magic:  16/16      EV: 13    Int: 21    God:    Gozag
Gold:   759        SH:  0    Dex: 14    Spells: 18/18 levels left

rFire   . . .      SeeInvis .   L - +2 flail (protect)
rCold   . . .      Faith    .   (no shield)
rNeg    . . .      Spirit   .   f - +3 ring mail
rPois   .          Reflect  .   (no helmet)
rElec   .          Harm     .   (no cloak)
rCorr   .          Rampage  .   (no gloves)
Will    .....                   (no boots)
Stlth   ++........              e - amulet of the acrobat
HPRegen 0.22/turn               I - +6 ring of intelligence
MPRegen 0.15/turn               (no ring)

@: about to teleport, studying 2 skills
A: no striking features
a: Renounce Religion, Potion Petition, Call Merchant, Bribe Branch


You were on level 11 of the Dungeon.
You worshipped Gozag.
Gozag was pleased with you.
You visited 2 branches of the dungeon, and saw 12 of its levels.

You collected 864 gold pieces.
You paid 105 gold pieces to Gozag.

Inventory:

Hand Weapons
 k - the +0 quarterstaff "Horavocs" {pain, Fly rCorr Str+2}
   (You took it off a goblin on level 2 of the Dungeon)

   In the hands of one skilled in necromantic magic, it inflicts extra damage on
   living creatures.
   Str:       It affects your strength (+2).
   Fly:       It grants you flight.
   rCorr:     It protects you from acid and corrosion.
 t - a +2 dagger of speed
 w - a +1 dagger of holy wrath
 x - a +0 dagger of venom
 D - a +2 falchion of holy wrath
 L - a +2 flail of protection (weapon)
Missiles
 p - 31 poisoned darts
 G - a curare-tipped dart
Armour
 d - an orb of guile
 f - a +3 ring mail (worn)
 q - the +0 robe of the Arcane {rCorr Str+4}
   (You found it on level 3 of the Dungeon)

   Str:       It affects your strength (+4).
   rCorr:     It protects you from acid and corrosion.
Jewellery
 e - an amulet of the acrobat (around neck)
 I - a +6 ring of intelligence (left hand)
Wands
 c - a wand of flame (21) (quivered)
 y - a wand of polymorph (2)
 A - a wand of roots (14)
Scrolls
 a - a scroll of poison
 i - a scroll of vulnerability {unknown}
 j - a scroll of blinking {unknown}
 l - 2 scrolls of enchant armour
 n - a scroll of butterflies {unknown}
 r - 4 scrolls of magic mapping
 B - 2 scrolls of noise
 E - a scroll of brand weapon {unknown}
 F - a scroll of enchant weapon
 K - a scroll of teleportation
 M - a scroll of identify
Potions
 b - 2 potions of mutation
 g - 2 potions of attraction {unknown}
 h - a potion of brilliance {unknown}
 m - 3 potions of flight
 o - 2 potions of lignification {unknown}
 s - a potion of resistance {unknown}
 u - 3 potions of berserk rage
 v - a potion of might {unknown}
 z - a potion of cancellation {unknown}
 C - 2 potions of haste
 H - a potion of degeneration {unknown}


   Skills:
 + Level 6.5 Fighting
 + Level 8.3(8.4) Short Blades
 + Level 1.8(5.5) Long Blades
 - Level 2.9 Maces & Flails
 - Level 2.0 Armour
 + Level 6.1 Dodging
 + Level 4.0 Stealth
 * Level 4.5 Spellcasting
 + Level 5.5 Evocations


You had 18 spell levels left.
You didn't know any spells.
Your spell library contained the following spells:

 Spells                   Type           Power      Damage    Failure   Level
 Summon Small Mammal      Summ           16%        N/A       24%         1
 Call Canine Familiar     Summ           4%         N/A       58%         3
 Gell's Gravitas          Tloc           4%         N/A       58%         3
 Lesser Beckoning         Tloc           4%         N/A       58%         3
 Summon Guardian Golem    Hex/Summ       4%         N/A       58%         3
 Teleport Other           Tloc           4%         N/A       58%         3


Dungeon Overview and Level Annotations

Branches:
Dungeon (11/15)            Temple (1/1) D:6            Lair (0/5) D:8
    Orc: D:9-12

Altars:
Ashenzari
Dithmenos
Elyvilon
Fedhas
Gozag
Hepliaklqana
Kikubaaqudgha
Nemelex Xobeh
Okawaru
Qazlal
Ru
Sif Muna
Trog
Uskayaw
Vehumet
Wu Jian
Xom
Yredelemnul
The Shining One

Shops:
D:4 [   D:5 (   D:6 ?

Annotations:
D:7 1 runed translucent door, exclusion: door, Crazy Yiuf
D:8 exclusion: downstairs
D:10 exclusion: upstairs
D:11 Grum


Message History

Aim: a seven-headed hydra (chance to affect: 51%)
The seven-headed hydra's minds are blasted!
The now-empty wand crumbles to dust.
The seven-headed hydra bites you but does no damage.
The seven-headed hydra bites you.
The seven-headed hydra barely misses you.
The seven-headed hydra bites you but does no damage.
The seven-headed hydra bites you. The seven-headed hydra bites you!
The seven-headed hydra closely misses you.
You don't have any such object.
Evoke which item? (* to show all) (? for menu, Esc to quit)
Okay, then.
As you read the scroll labelled XEUPTIDDAEV, it crumbles to dust.
You hear a loud clanging noise!
It was a scroll of noise.
You hear a shout! x8
The seven-headed hydra barely misses you.
The seven-headed hydra bites you! The seven-headed hydra bites you.
The seven-headed hydra closely misses you. x2
The seven-headed hydra bites you but does no damage.
The seven-headed hydra closely misses you.
The air fills with toxic fumes!
As you read the scroll labelled UMU MOEQAU, it crumbles to dust.
It was a scroll of poison.
The seven-headed hydra bites you. x2
The seven-headed hydra bites you but does no damage.
The seven-headed hydra bites you.
The seven-headed hydra barely misses you.
The seven-headed hydra bites you!
The seven-headed hydra barely misses you.
As you read the scroll labelled SOQIANOGE, it crumbles to dust.
You feel strangely unstable.
It was a scroll of teleportation.
Grum hits you from afar with a -2 spear of freezing!
* * * LOW HITPOINT WARNING * * *
Grum freezes you.
* * * LOW HITPOINT WARNING * * *
The seven-headed hydra bites you.
* * * LOW HITPOINT WARNING * * *
The seven-headed hydra bites you!
You die...
Your body crumbles into a pile of gold.

#### $ ...
###§#########
#.#§§hhygD@§§§#
#..§§§yh#####§#
#..§§§.K#
#..§..h.#
>..[...D.#
.#.......#
#.......#
#.......#
####.####


You could see a seven-headed hydra, Grum, 2 vampire mosquitoes and 3 wolves.

Vanquished Creatures
  A troll (D:9)
  2 steam dragons (D:8)
  A wyvern (D:8)
  2 wargs (D:8)
  A water moccasin (D:7)
  A sky beast (D:7)
  3 black bears
  4 orc warriors
  2 ice beasts
  3 centaurs
  An ogre (D:6)
  2 phantoms
  5 kobold brigands
  4 bullfrogs
  3 necrophages
  A scorpion (D:5)
  2 gnoll sergeants
  11 killer bees (D:8)
  A howler monkey (D:9)
  5 jellies
  A hound (D:6)
  4 orc priests
  Jessica (D:3)
  4 iguanas
  11 orc wizards
  9 gnolls
  3 adders
  2 shadow imps (D:7)
  2 white imps
  2 ufetubi
  3 dart slugs
  31 orcs
  9 ball pythons
  4 endoplasms
  3 giant cockroaches
  4 goblins
  6 hobgoblins
  11 jackals
  24 kobolds
  5 quokkas
  5 bats
  6 frilled lizards
  8 rats
213 creatures vanquished.

Vanquished Creatures (collateral kills)
  3 orcs
  A hobgoblin (D:4)
  3 kobolds (D:7)
7 creatures vanquished.

Vanquished Creatures (others)
  A shadow (D:9)
  An orc warrior (D:8)
  An orc wizard (D:7)
  A kobold (D:7)
  3 plants (D:8)
7 creatures vanquished.

Grand Total: 227 creatures vanquished

Notes
Turn   | Place    | Note
-------+----------+-------------------------------------------
     0 | D:1      | H0rd4k the Human Artificer began the quest for the Orb.
     0 | D:1      | Reached XP level 1. HP: 15/15 MP: 1/1
   388 | D:1      | Reached XP level 2. HP: 19/21 MP: 2/2
   564 | D:1      | Reached XP level 3. HP: 20/26 MP: 3/3
   912 | D:1      | Found a faded altar of an unknown god.
  1326 | D:2      | Reached skill level 1 in Maces & Flails
  1369 | D:2      | Reached XP level 4. HP: 20/32 MP: 4/4
  1990 | D:2      | Identified the +0 quarterstaff "Horavocs" {pain, Fly rCorr
                  | Str+2}
  2675 | D:3      | Identified the +0 robe of the Arcane {rCorr Str+4}
  3037 | D:3      | Noticed Jessica
  3047 | D:3      | Killed Jessica
  3048 | D:3      | Reached XP level 5. HP: 28/37 MP: 5/5
  3528 | D:4      | Reached skill level 1 in Short Blades
  3528 | D:4      | Reached XP level 6. HP: 29/44 MP: 6/6
  3737 | D:4      | Reached skill level 2 in Short Blades
  3938 | D:4      | Noticed a black bear
  4170 | D:4      | Killed a black bear
  4171 | D:4      | Reached XP level 7. HP: 36/51 MP: 7/7
  4429 | D:4      | Found Rafux's Armour Boutique.
  4543 | D:5      | Entered Level 5 of the Dungeon
  4582 | D:5      | Reached skill level 3 in Short Blades
  4722 | D:5      | Found a sacrificial altar of Ru.
  5082 | D:5      | Reached skill level 4 in Short Blades
  5652 | D:5      | Found Nasorgha's Antique Weapon Boutique.
  5688 | D:5      | Reached XP level 8. HP: 46/58 MP: 8/8
  5805 | D:5      | Found a shimmering blue altar of Sif Muna.
  6057 | D:5      | Found an ornate altar of the Wu Jian Council.
  6125 | D:6      | Reached skill level 5 in Short Blades
  6618 | D:6      | Found Inipn's Magic Scroll Emporium.
  6677 | D:6      | Found an ancient bone altar of Kikubaaqudgha.
  6904 | D:6      | Reached skill level 6 in Short Blades
  7280 | D:6      | Reached skill level 1 in Spellcasting
  7864 | D:6      | Reached skill level 1 in Long Blades
  7864 | D:6      | Reached XP level 9. HP: 49/65 MP: 9/11
  7985 | D:6      | Found a staircase to the Ecumenical Temple.
  8007 | Temple   | Entered the Ecumenical Temple
  8770 | D:7      | Reached skill level 5 in Dodging
  9454 | D:7      | Reached skill level 5 in Fighting
 10079 | D:7      | Found an opulent altar of Gozag.
 10159 | D:7      | Reached skill level 7 in Short Blades
 10210 | D:7      | Found a runed translucent door.
 10211 | D:7      | Noticed Crazy Yiuf
 10363 | D:7      | Became a worshipper of Gozag Ym Sagoz the Greedy
 10998 | D:8      | Reached XP level 10. HP: 63/74 MP: 14/14
 11001 | D:8      | Reached skill level 5 in Evocations
 12165 | D:8      | Found a staircase to the Lair.
 12622 | D:8      | Reached skill level 8 in Short Blades
 13512 | D:9      | Noticed a two-headed ogre
 14044 | D:9      | Found a sparkling altar of Nemelex Xobeh.
 14180 | D:10     | Entered Level 10 of the Dungeon
 14283 | D:9      | Found a shimmering altar of Xom.
 14637 | D:11     | Noticed Grum
 14637 | D:11     | Noticed a seven-headed hydra
 14653 | D:11     | Mangled by a seven-headed hydra

Illustrated notes

Levels and vault maps discovered:
D:1:      minmay_arrival_radiant_lines, layout_basic,
          shapermc_ecumenical_altar_venn, minmay_bisected
D:2:      layout_loops_cross
D:3:      layout_loops_corners, uniq_jessica
D:4:      layout_rooms, serial_shops, kennysheep_mini,
          nicolae_concentric_dashed_squares_mild, corexii_hall_statues_deadend,
          minmay_misc_feat_diagonals, minmay_manual_moon
D:5:      layout_loops_ring, nicolae_wu_jian_immortal_techniques,
          kennysheep_little_box, mainiacjoe_overflow_paths, minmay_fountain_box,
          nicolae_take_the_stairs
D:6:      layout_loops_ring, lemuel_round_altar, minmay_temple_entry_ruins,
          serial_shops, nicolae_lakefront_shop
D:7:      layout_loops_ring, lemuel_coloured_pillars_altar,
          uniq_crazy_yiuf_cottage
D:8:      layout_basic, erik_lair_orcish_takeover
D:9:      layout_loops_ring, mainiacjoe_overflow_concentric_impassable,
          nicolae_overflow_crystal_walls, kennysheep_cross_bottleneck
D:10:     layout_big_octagon, chequers_temple_overflow_minitemple, serial_shops,
          nicolae_shop_crystal, serial_park, serial_park_tiny_pond,
          serial_park_paths [serial_park_minivault_5x5_8], serial_park_tiny_2,
          serial_park_gazebo [serial_park_minivault_5x5_7], serial_park_tiny_2
D:11:     layout_loops_corners, nicolae_underground_beach, uniq_lodul,
          uniq_gastronok, uniq_grum
Temple:   hellmonk_temple_forest_ring

Skill      XL: |  1  2  3  4  5  6  7  8  9 10 |
---------------+-------------------------------+-----
Maces & Flails | 1 2 |  2.9
Dodging        | 2 3 4 5 6 |  6.1
Fighting       | 2 3 4 5 6 |  6.5
Short Blades   | 1 2 4 6 7 8 |  8.3
Evocations     | 4 5 |  5.5
Stealth        | 2 3 4 |  4.0
Spellcasting   | 1 3 4 |  4.5
Long Blades    | 1 |  1.8
Armour         | |  2.0

Action                   |  1- 3 |  4- 6 |  7- 9 | 10-12 || total
-------------------------+-------+-------+-------+-------++-------
Melee: Club              |    28 |       |       |       ||    28
       Mace              |    91 |   106 |       |       ||   197
       Punch             |     1 |     1 |     8 |     4 ||    14
       Dagger            |       |    92 |   529 |   290 ||   911
       Falchion          |       |       |    24 |       ||    24
       Flail             |       |       |       |    46 ||    46
Evoke: Wand              |     2 |     5 |    28 |    22 ||    57
  Use: Scroll            |       |       |     4 |     6 ||    10
 Stab: Sleeping          |       |       |     3 |       ||     3
       Distracted        |       |       |     2 |     3 ||     5
Armor: Leather armour    |    11 |       |       |       ||    11
       Ring mail         |    73 |    89 |   150 |   101 ||   413
Dodge: Dodged            |   100 |   110 |   234 |   180 ||   624
